 Dungeon Sprint DCSS version 0.29-a0-717-g6dac4ea423 (webtiles) character file.

Game seed: 8309793246854572989

7735 mhtbhm the Imperceptible (level 11, -17/75 HPs)
             Began as a Spriggan Enchanter on June 26, 2022.
             Was the Champion of Dithmenos.
             Killed from afar by a crystal guardian (35 damage)
             ... with a crystal bolt
             ... in the Dungeon (Sprint III: "The Ten Rune Challenge").
             The game lasted 00:07:51 (1399 turns).

mhtbhm the Imperceptible (Spriggan Enchanter)       Turns: 1399, Time: 00:07:52

Health: -17/75     AC:  3    Str:  4    XL:     11   Next: 0%
Magic:  17/25      EV: 24    Int: 17    God:    Dithmenos [******]
Gold:   2612       SH:  0    Dex: 20    Spells: 14/29 levels left

rFire   . . .      SeeInvis +   a - +2 dagger (speed)
rCold   . . .      Faith    .   (no shield)
rNeg    . . .      Spirit   .   b - +1 robe {Archmagi}
rPois   +          Reflect  .   (helmet restricted)
rElec   .          Harm     .   (no cloak)
rCorr   .          Rampage  .   (gloves unavailable)
Will    +....      Archmagi +   (boots unavailable)
Stlth   .......... NoTele   +   (no amulet)
HPRegen 0.22/turn               (no ring)
MPRegen 0.19/turn               (no ring)

@: mighty, berserking, wreathed by umbra, very quick
A: very small, no large weapons, unfitting armour, see invisible, speed 3,
antennae 1, poison resistance, wild magic 1
a: Renounce Religion, Shadow Step, Shadow Form


You were in the Dungeon.
You worshipped Dithmenos.
Dithmenos was exalted by your worship.
You visited 1 branch You collected 2612 gold pieces.

Inventory:

Hand Weapons
 a - a +2 dagger of speed (weapon)
Missiles
 s - 7 curare-tipped darts (quivered)
Armour
 b - a +1 robe of the Archmagi (worn)
Wands
 o - a wand of iceblast (10)
Scrolls
 i - a scroll of blinking
 j - 2 scrolls of torment
 k - a scroll of identify
Potions
 c - a potion of invisibility
 f - a potion of haste
 g - 2 potions of magic
 h - a potion of berserk rage
 l - a potion of resistance
 m - 4 potions of flight
 n - 2 potions of mutation
 r - a potion of attraction
Miscellaneous
 q - a phial of floods


   Skills:
 + Level 2.1 Fighting
 + Level 7.2 Short Blades
 + Level 8.9 Dodging
 + Level 26.8 Stealth
 + Level 9.9 Spellcasting
 + Level 0.1 Conjurations
 + Level 13.2 Hexes
 + Level 2.1 Ice Magic
 * Level 10.7 Invocations
 + Level 0.4 Evocations


You had 14 spell levels left.
You knew the following spells:

 Your Spells              Type           Power      Damage    Failure   Level
a - Ensorcelled Hibernat  Hex/Ice        100%       N/A       1%          2
b - Confusing Touch       Hex            81%        N/A       1%          3
c - Tukima's Dance        Hex            81%        N/A       1%          3
d - Dazzling Flash        Conj/Hex       100%       N/A       3%          3
e - Fulminant Prism       Conj/Hex       28%        3d14      9%          4

Your spell library contained the following spells:

 Spells                   Type           Power      Damage    Failure   Level
 Magic Dart               Conj           68%        1d6       12%         1
 Searing Ray              Conj           34%        2d5       17%         2


Dungeon Overview and Level Annotations

Branches:
Dungeon (1/1)

Altars:
Cheibriados
Dithmenos
Elyvilon
Fedhas
Gozag
Hepliaklqana
Kikubaaqudgha
Makhleb
Nemelex Xobeh
Okawaru
Qazlal
Ru
Sif Muna
Trog
Uskayaw
Vehumet
Wu Jian
Xom
Yredelemnul
Zin
The Shining One
Beogh
Jiyva
Lugonu

Shops:
D ?


Innate Abilities, Weirdness & Mutations

You are very small and have problems with some larger weapons.
You are too small for most types of armour.
You have supernaturally acute eyesight. (SInv)
You cover ground extremely quickly. (Speed+++)
You have a pair of small antennae on your head.
Your system is resistant to poisons. (rPois)
Your spells are a little harder to cast, but a little more powerful.


Message History

Okay, then.
The crystal guardian fires a crystalline bolt at you.
The crystal bolt misses you.
You hear a sizzling sound!
You feel better.
The crystal guardian fires a crystalline bolt at you.
The crystal bolt freezes you!!
Ouch! That really hurt!
* * * LOW HITPOINT WARNING * * *
You emit a cloud of dark smoke.
You feel very mighty all of a sudden.
A red film seems to cover your vision as you go berserk!
You feel yourself moving faster!
You feel mighty!
You feel a strong urge to attack something.
You puncture the crystal guardian!
The crystal guardian is moderately damaged.
The crystal guardian barely misses you.
You hit the crystal guardian but do no damage.
The crystal guardian is moderately damaged.
You hit the crystal guardian but do no damage.
The crystal guardian is moderately damaged.
You hit the crystal guardian.
The crystal guardian is heavily damaged.
You hit the crystal guardian but do no damage.
The crystal guardian is heavily damaged.
Your shadow hits the crystal guardian with a dagger.
The crystal guardian fires a crystalline bolt at you.
The crystal bolt misses you.
You hit the crystal guardian but do no damage.
You punch the crystal guardian, but do no damage.
The crystal guardian is heavily damaged.
You hit the crystal guardian but do no damage.
The crystal guardian is heavily damaged.
You hit the crystal guardian.
The crystal guardian is heavily damaged.
You completely miss the crystal guardian.
The crystal guardian is heavily damaged.
The crystal guardian fires a crystalline bolt at you.
The crystal bolt freezes you!!
You die...

....#.#.))###.# ###'#.##.##
#.#
#...#'#####################
#...#..§§§'.#.'...'.#.#.#.+
#...#.#§≈§#.#.#...##.#.#.##
#...'.#§§§#.#.#)..#.#.#.#.#
'...#.#§§§#...#)).##.#.#.#
▓▓▓▓▓▓▓▓▓▓▓▓▓▓▓▓▓▓#.#.#.#.#
♣≈≈≈........≈§§§@9##.#.#.##
+♣≈≈≈≈≈≈≈≈≈≈≈≈♣♣P§§.#.#.#.#
♣♣♣♣♣♣♣♣♣♣♣♣♣♣♣PP##.#.#.##
♣♣♣##'######## #...'.≈≈§≈#
{#.*.#.≈≈≈≈# {#).)#.#≈≈§#
#####.#c≈≈≈# #.P*9.# ≈≈≈≈


You could see a crystal guardian.

Vanquished Creatures
  Harold (D)
  Erica (D)
  A centaur warrior (D)
  An orange crystal statue (D)
  A deep elf pyromancer (D)
  Joseph (D)
  2 orc sorcerers (D)
  2 unseen horrors (D)
  3 wandering mushrooms (D)
  3 orc high priests (D)
  A shadow (D)
  A spatial vortex (D)
  4 orc warriors (D)
  2 centaurs (D)
  An earth elemental (D)
  A necrophage (D)
  A water elemental (D)
  A scorpion (D)
  2 orc priests (D)
  A jelly (D)
  A wizard (D)
  Jessica (D)
  4 orc wizards (D)
  A necromancer (D)
  A kobold demonologist (D)
  3 humans (D)
  6 orcs (D)
  An endoplasm (D)
  A rat (D)
50 creatures vanquished.

Vanquished Creatures (others)
  An orc (D)
  3 fulminant prisms (D)
  7 plants (D)
11 creatures vanquished.

Grand Total: 61 creatures vanquished

Notes
Turn   | Place    | Note
-------+----------+-------------------------------------------
     0 | D        | mhtbhm the Spriggan Enchanter began the quest for the Orb.
     0 | D        | Reached XP level 1. HP: 9/9 MP: 5/5
    14 | D        | Reached skill level 5 in Stealth
    47 | D        | Noticed Jessica
    52 | D        | Killed Jessica
    53 | D        | Reached skill level 7 in Stealth
    53 | D        | Reached skill level 5 in Hexes
    53 | D        | Reached XP level 2. HP: 13/13 MP: 5/7
    81 | D        | Learned a level 2 spell: Ensorcelled Hibernation
    97 | D        | Reached skill level 8 in Stealth
    97 | D        | Reached XP level 3. HP: 16/16 MP: 5/9
   101 | D        | Learned a level 3 spell: Confusing Touch
   105 | D        | Learned a level 3 spell: Tukima's Dance
   129 | D        | Noticed a scorpion
   132 | D        | Killed a scorpion
   133 | D        | Reached skill level 9 in Stealth
   133 | D        | Reached XP level 4. HP: 21/21 MP: 9/11
   142 | D        | Learned a level 3 spell: Dazzling Flash
   160 | D        | Gained mutation: You occasionally lose the ability to drink
                  | potions when taking damage. [potion of mutation]
   161 | D        | Lost mutation: You occasionally lose the ability to drink
                  | potions when taking damage. [potion of mutation]
   161 | D        | Gained mutation: You have a pair of small antennae on your
                  | head. [potion of mutation]
   161 | D        | Gained mutation: Your system is resistant to poisons.
                  | (rPois) [potion of mutation]
   161 | D        | Gained mutation: Your spells are a little harder to cast,
                  | but a little more powerful. [potion of mutation]
   165 | D        | Noticed a water elemental
   168 | D        | Killed a water elemental
   169 | D        | Reached skill level 11 in Stealth
   169 | D        | Reached skill level 5 in Spellcasting
   169 | D        | Reached XP level 5. HP: 24/24 MP: 11/13
   180 | D        | Found a basalt altar of Yredelemnul.
   180 | D        | Found a shadowy altar of Dithmenos.
   180 | D        | Found a sacrificial altar of Ru.
   183 | D        | Reached skill level 5 in Dodging
   184 | D        | Reached skill level 12 in Stealth
   200 | D        | Found a radiant altar of Vehumet.
   201 | D        | Found a shimmering blue altar of Sif Muna.
   201 | D        | Found an ancient bone altar of Kikubaaqudgha.
   203 | D        | Reached XP level 6. HP: 28/28 MP: 16/16
   205 | D        | Reached skill level 13 in Stealth
   227 | D        | Became a worshipper of Dithmenos the Shadowed
   256 | D        | Found a glowing silver altar of Zin.
   257 | D        | Found a glowing golden altar of the Shining One.
   257 | D        | Found a white marble altar of Elyvilon.
   257 | D        | Noticed a deep elf pyromancer
   259 | D        | Killed a deep elf pyromancer
   260 | D        | Reached skill level 16 in Stealth
   260 | D        | Reached skill level 10 in Hexes
   260 | D        | Reached XP level 7. HP: 32/32 MP: 16/18
   269 | D        | Found a hide-covered altar of Uskayaw.
   269 | D        | Found an iron altar of Okawaru.
   270 | D        | Found a bloodstained altar of Trog.
   270 | D        | Found an ornate altar of the Wu Jian Council.
   270 | D        | Noticed a human
   270 | D        | Noticed a human
   272 | D        | Killed a human
   273 | D        | Killed a human
   273 | D        | Reached * piety under Dithmenos
   274 | D        | Reached skill level 17 in Stealth
   274 | D        | Reached skill level 5 in Invocations
   274 | D        | Reached XP level 8. HP: 36/36 MP: 17/20
   293 | D        | Reached skill level 5 in Short Blades
   314 | D        | Found a blossoming altar of Fedhas.
   314 | D        | Found a stormy altar of Qazlal.
   315 | D        | Found a snail-covered altar of Cheibriados.
   315 | D        | Found a burning altar of Makhleb.
   315 | D        | Found a hazy altar of Hepliaklqana.
   315 | D        | Found a shimmering altar of Xom.
   315 | D        | Found an opulent altar of Gozag.
   315 | D        | Found a sparkling altar of Nemelex Xobeh.
   315 | D        | Found a corrupted altar of Lugonu.
   315 | D        | Found a viscous altar of Jiyva.
   317 | D        | Reached ** piety under Dithmenos
   318 | D        | Reached skill level 18 in Stealth
   337 | D        | Noticed Erica
   340 | D        | Killed Erica
   341 | D        | Reached skill level 19 in Stealth
   369 | D        | Reached XP level 9. HP: 37/40 MP: 17/22
   402 | D        | Noticed a centaur warrior
   405 | D        | Reached skill level 20 in Stealth
   406 | D        | Killed a centaur warrior
   407 | D        | Reached skill level 21 in Stealth
   408 | D        | Reached skill level 1 in Ice Magic
   419 | D        | Noticed an unseen horror
   419 | D        | Noticed an unseen horror
   434 | D        | Killed an unseen horror
   434 | D        | Reached *** piety under Dithmenos
   438 | D        | Killed an unseen horror
   439 | D        | Reached skill level 22 in Stealth
   579 | D        | Noticed a wandering mushroom
   583 | D        | Noticed a wandering mushroom
   585 | D        | Noticed a wandering mushroom
   586 | D        | Killed a wandering mushroom
   596 | D        | Killed a wandering mushroom
   597 | D        | Reached skill level 23 in Stealth
   604 | D        | Reached **** piety under Dithmenos
   605 | D        | Reached XP level 10. HP: 36/44 MP: 17/24
   714 | D        | Learned a level 4 spell: Fulminant Prism
   754 | D        | Noticed an orc sorcerer
   754 | D        | Noticed an orc sorcerer
   755 | D        | Found Qythio's Magic Scroll Shop.
   763 | D        | Reached skill level 1 in Fighting
   764 | D        | Reached ***** piety under Dithmenos
   771 | D        | Killed an orc sorcerer
   772 | D        | Reached skill level 24 in Stealth
   775 | D        | Killed an orc sorcerer
   793 | D        | Reached ****** piety under Dithmenos
   930 | D        | Noticed Harold
   930 | D        | Noticed Joseph
   932 | D        | Killed Harold
   933 | D        | Reached skill level 25 in Stealth
   933 | D        | Reached skill level 10 in Invocations
   933 | D        | Killed Joseph
   934 | D        | Reached skill level 26 in Stealth
   963 | D        | Noticed a sun demon
  1258 | D        | Noticed an orange crystal statue
  1262 | D        | Killed an orange crystal statue
  1263 | D        | Reached XP level 11. HP: 46/50 MP: 16/25
  1287 | D        | Noticed a crystal guardian
  1287 | D        | Noticed a crystal guardian
  1287 | D        | Noticed a crystal guardian
  1287 | D        | Noticed a crystal guardian
  1399 | D        | Killed from afar by a crystal guardian

Illustrated notes

Levels and vault maps discovered:
D:        dungeon_sprint_mu [sprint_mu_entry_cave, sprint_mu_temple_rooms,
          sprint_mu_d1_horrors, sprint_mu_d2_genie, sprint_mu_d3_branching,
          sprint_mu_orc_legion, sprint_mu_elf_gauntlet, sprint_mu_hive_nellie,
          sprint_mu_lair_fedhas, sprint_mu_vaults_butterflies,
          sprint_mu_slime_circle, sprint_mu_swamp_cave, sprint_mu_shoals_kraken,
          sprint_mu_blade_basic, sprint_mu_crypt_chambers,
          sprint_mu_tomb_spiral, sprint_mu_vestibule_basic,
          sprint_mu_gehenna_hellfire, sprint_mu_dis_giant,
          sprint_mu_tartarus_statrot, sprint_mu_cocytus_islands, sprint_mu_zot1]

Skill      XL: |  1  2  3  4  5  6  7  8  9 10 |
---------------+-------------------------------+-----
Stealth        | 7 8 9 11 12 16 17 19 23 26 | 26.8
Hexes          | 5 6 7 8 9 10 11 12 13 | 13.2
Dodging        | 3 4 5 6 7 8 |  8.9
Spellcasting   | 3 4 5 6 7 8 9 |  9.9
Short Blades   | 2 3 4 5 6 7 |  7.2
Invocations    | 4 5 7 8 10 | 10.7
Ice Magic      | 1 2 |  2.1
Fighting       | 2 |  2.1
Conjurations   | |  0.1
Evocations     | |  0.4

Action                   |  1- 3 |  4- 6 |  7- 9 | 10-12 || total
-------------------------+-------+-------+-------+-------++-------
Melee: Dagger            |    10 |     6 |    23 |    62 ||   101
       Punch             |       |       |       |     2 ||     2
 Cast: Ensorcelled Hiber |     1 |       |     3 |     2 ||     6
       Confusing Touch   |       |       |     2 |       ||     2
       Dazzling Flash    |       |       |     1 |     5 ||     6
       Fulminant Prism   |       |       |       |     3 ||     3
Invok: Shadow Step       |       |       |     2 |     3 ||     5
Evoke: Phial of floods   |       |       |       |     1 ||     1
       Wand              |       |       |       |     2 ||     2
  Use: Potion            |       |     2 |       |     6 ||     8
       Scroll            |       |       |       |     3 ||     3
 Stab: Sleeping          |     4 |     6 |    13 |    11 ||    34
       Confused          |       |       |     2 |       ||     2
       Invisible         |       |       |       |    12 ||    12
       Distracted        |       |       |       |     1 ||     1
Armor: Robe              |       |       |     1 |       ||     1
Dodge: Dodged            |     4 |       |    15 |    51 ||    70

Table legend: (Time is in decaauts)
 A = Elapsed time spent in this place.
 B = Non-inter-level travel time spent in this place.
 C = Inter-level travel time spent in this place.
 D = Time resting spent in this place.
 E = Time spent auto-exploring this place.
 F = Levels seen in this place.
 G = Mean time per level.
                   A        B        C        D        E       F      G
               +--------+--------+--------+--------+--------+-----+--------+
         Total |   1163 |   1163 |      0 |    627 |     32 |   1 | 1163.0 |
       Dungeon |   1163 |   1163 |      0 |    627 |     32 |   1 | 1163.0 |
               +--------+--------+--------+--------+--------+-----+--------+

Top non-repeatable levels by time:
       D: 1163 daAuts
